 Dungeon Crawl Stone Soup version 0.27-a0-1301-g128193abf8 (webtiles) character file.

Game seed: 11070360291576642823

0 spiderkeys the Skirmisher (level 1, -2/19 HPs)
             Began as a Palentonga Abyssal Knight on June 17, 2021.
             Was a Follower of Lugonu.
             Slain by a warg (5 damage)
             ... summoned by a worldbinder
             ... on level 1 of the Abyss.
             The game lasted 00:00:16 (38 turns).

spiderkeys the Skirmisher (Palentonga Abyssal Knight) Turns: 38, Time: 00:00:17

Health: -2/19      AC:  4    Str: 15    XL:     1   Next: 0%
Magic:  2/2        EV:  9    Int: 12    God:    Lugonu [*.....]
Gold:   13         SH:  0    Dex:  9    Spells: 0/0 levels left

rFire    . . .     SeeInvis +   a - +1 hand axe
rCold    . . .     Faith    .   (no shield)
rNeg     . . .     Spirit   .   b - +0 leather armour
rPois    .         Reflect  .   (no helmet)
rElec    .         Harm     .   (no cloak)
rCorr    .         Rampage  .   (no gloves)
Will     .....                  (no barding)
Stlth    +.........             (no amulet)
HPRegen  0.06/turn              (no ring)
MPRegen  0.08/turn              (no ring)

@: no status effects
A: large, rugged brown scales 3, see invisible, deformed body, roll 1, armoured
tail
a: Rolling Charge, Renounce Religion, Depart the Abyss


You were on level 1 of the Abyss.
You worshipped Lugonu.
Lugonu was aware of your devotion.
You visited 0 branches of the dungeon, and saw 0 of its levels.
You visited the Abyss 1 time.

You collected 13 gold pieces.


Innate Abilities, Weirdness & Mutations

You are completely covered in rugged brown scales. (AC +3, +7% HP)
You have supernaturally acute eyesight. (SInv)
Armour fits poorly on your strangely shaped body.
You can roll at nearby foes to attack.
You have a long armoured tail.


   Skills:
 + Level 3.0 Fighting
 + Level 2.0 Axes
 + Level 1.5 Armour
 + Level 0.7 Dodging
 + Level 2.0 Invocations


You couldn't memorise any spells.
You didn't know any spells.
Your spell library was empty.

Inventory:

Hand Weapons
 a - a +1 hand axe (weapon)
Armour
 b - a +0 leather armour (worn)

Dungeon Overview and Level Annotations

Branches:
Dungeon (0/15)

Altars:

....#.....#.. . #...
.......)...........
............─.......
.............#.....#.
...###...###...## ...
..... .... .. .....
[. .......


You could see a tentacled starspawn, a worldbinder, 2 wargs, 2 starspawn
tentacles, a flying skull and an orc priest (summoned).


Message History

🤖 Initializing magus.rc ...
Options error: Delay interrupt name "hungry" not recognised. (~/.crawlrc:4988) ✅ Successfully initialized magus.rc [v1.9.10] Welcome, spiderkeys the Palentonga Abyssal Knight.
Will you be the one to retrieve the transcendent Orb of Zot from the depths?
Lugonu says: Depart the Abyss and spread corruption, my servant! (use the ability menu to exit the Abyss) Press ? for a list of commands and other information.
Found 22 stones.
Found a corrupted altar of Lugonu.
Found a gateway leading out of the Abyss.
You now have 13 gold pieces. 2 flying skulls come into view.
Found a bloodstained altar of Trog.
A worldbinder comes into view.
Tentacles burst from the starspawn's body!
Found a gateway leading deeper into the Abyss. 2 starspawn tentacles come into view.
The worldbinder calls forth creatures from the Orcish Mines! x2
The starspawn tentacle grabs you.
The starspawn tentacle constricts you. 😕 HP[-2]
You take 2 damage, and now have 17/19 hp.
The starspawn tentacle's grasp on you weakens, but your attempt to escape fails.
The starspawn tentacle constricts you. 😕 HP[-1]
You take 1 damage, and now have 16/19 hp.
You escape the starspawn tentacle's grasp.
Unknown command.
A tentacle flies out from the starspawn's body!
The starspawn tentacle grabs you. The starspawn tentacle constricts you.
A starspawn tentacle comes into view. 😮 HP[-3]
You take 3 damage, and now have 13/19 hp.
You escape the starspawn tentacle's grasp.
The warg bites you!
* * * LOW HITPOINT WARNING * * *
The starspawn tentacle grabs you.
* * * LOW HITPOINT WARNING * * *
The starspawn tentacle constricts you. 😱 HP[-10]
You take 10 damage, and now have 3/19 hp.
MASSIVE DAMAGE!! (PAUSE)
The starspawn tentacle's grasp on you weakens, but your attempt to escape fails.
The starspawn tentacle loses its grip on you.
The tentacle pulls you backwards! The warg bites you.
You die...

Levels and vault maps discovered:
Abyss:1:  base: Temple, base: Temple, base: Temple, evilmike_abyss_exit_glass

Notes
Turn   | Place    | Note
-------+----------+-------------------------------------------
     0 | Abyss:1  | spiderkeys the Palentonga Abyssal Knight began the quest
                  | for the Orb.
     0 | Abyss:1  | Reached XP level 1. HP: 19/19 MP: 2/2
     0 | Abyss:1  | magus.rc [v1.9.10]
    25 | Abyss:1  | Noticed a flying skull
    25 | Abyss:1  | Noticed a flying skull
    26 | Abyss:1  | Found a bloodstained altar of Trog.
    28 | Abyss:1  | Noticed a tentacled starspawn
    31 | Abyss:1  | Noticed a worldbinder
    34 | Abyss:1  | Noticed a warg
    34 | Abyss:1  | Noticed a warg
    34 | Abyss:1  | Noticed an orc priest
    37 | Abyss:1  | HP: 4/19 [warg[a worldbinder] (9)]
    38 | Abyss:1  | Slain by a warg

Vanquished Creatures (others)
  A starspawn tentacle (Abyss:1)
1 creature vanquished.

Table legend:
 A = Non-vault XP
 B = Vault XP
 C = Vault XP percentage of total XP
 D = Non-vault monster count
 E = Vault monster count
 F = Vault count percentage of total count
                 A         B        C        D         E       F
            +---------+---------+-------+---------+---------+-------
      Total |       0 |       0 |   N/A |       0 |       0 |  -nan
            +---------+---------+-------+---------+---------+-------
            +---------+---------+-------+---------+---------+-------

Illustrated notes

Table legend: (Time is in decaauts)
 A = Elapsed time spent in this place.
 B = Non-inter-level travel time spent in this place.
 C = Inter-level travel time spent in this place.
 D = Time resting spent in this place.
 E = Time spent auto-exploring this place.
 F = Levels seen in this place.
 G = Mean time per level.
                   A        B        C        D        E       F      G
               +--------+--------+--------+--------+--------+-----+--------+
         Total |     38 |     38 |      0 |      0 |      0 |   1 |   38.0 |
         Abyss |     38 |     38 |      0 |      0 |      0 |   1 |   38.0 |
               +--------+--------+--------+--------+--------+-----+--------+

Top non-repeatable levels by time:
 Abyss:1: 38 daAuts
